 Dungeon Crawl Stone Soup version 0.26-a0-249-g7253cd193c (webtiles) character file.

Game seed: 16835597460562379051

857 Archison the Cudgeler (level 8, -3/60 HPs)
             Began as a Human Berserker on July 8, 2020.
             Was a Priest of Trog.
             Slain by an orc warrior
             ... wielding a cursed -1 halberd
              (8 damage)
             ... on level 5 of the Dungeon.
             The game lasted 00:14:07 (5813 turns).

Archison the Cudgeler (Human Berserker)             Turns: 5813, Time: 00:14:07

Health: -3/60      AC: 18    Str: 25 (26) XL:     8   Next: 22%
Magic:  8/8        EV: 11    Int:  7 (10) God:    Trog [***...]
Gold:   168        SH:  0    Dex:  6 (9)  Spells: 7/7 levels left

rFire    . . .     SeeInvis .   b - +3 mace (protect)
rCold    + . .     Faith    .   (no shield)
rNeg     . . .     Spirit   .   g - +4 ring mail
rPois    +         Reflect  .   (no helmet)
rElec    +         Harm     .   (no cloak)
rCorr    .                      (no gloves)
MR       +++..                  c - +0 pair of boots
Stlth    ..........             (no amulet)
HPRegen  0.20/turn              s - ring of Ru's Inspiration {rElec rPois MR+++ Str+6 Dex-3}
MPRegen  0.11/turn              (no ring)

@: protection aura, stab
A: clever 1, cold resistance 1
a: Berserk, Trog's Hand, Renounce Religion


You were on level 5 of the Dungeon.
You worshipped Trog.
Trog was most pleased with you.
You were not hungry.

You visited 1 branch of the dungeon, and saw 5 of its levels.

You collected 168 gold pieces.

Inventory:

Hand Weapons
 a - a +0 mace
 b - a +3 mace of protection (weapon)
Missiles
 w - 83 stones (quivered)
Armour
 c - a +0 pair of boots (worn)
 g - a +4 ring mail (worn)
Jewellery
 m - an uncursed amulet of the acrobat
 s - the ring of Ru's Inspiration (left hand) {rElec rPois MR+++ Str+6 Dex-3}
   (You found it on level 4 of the Dungeon)

   [ring of strength]

   It affects your strength (+6).
   It affects your dexterity (-3).
   It insulates you from electricity.
   It protects you from poison.
   It affects your resistance to hostile enchantments.
Wands
 r - a wand of digging (5)
Scrolls
 d - a scroll of amnesia {unknown}
 e - a scroll of fog {unknown}
 h - a scroll of magic mapping
 i - a scroll of enchant armour {unknown}
 j - 2 scrolls of enchant weapon {unknown}
 k - 3 scrolls of noise {unknown}
 n - 2 scrolls of teleportation
 o - a scroll of remove curse {unknown}
 p - a scroll of fear {unknown}
 q - a scroll of immolation {unknown}
Comestibles
 x - a ration


   Skills:
 + Level 4.2 Fighting
 * Level 7.3 Maces & Flails
 + Level 0.8 Throwing
 + Level 3.9 Armour
 + Level 3.3 Dodging
 + Level 0.5 Stealth


You had 7 spell levels left.
You didn't know any spells.
Your spell library was empty.

Dungeon Overview and Level Annotations

Branches:
Dungeon (5/15)
 Temple: D:4-7

Altars:
Fedhas
Nemelex Xobeh
Qazlal
Vehumet
Xom
The Shining One


Innate Abilities, Weirdness & Mutations

Your mind is acute. (Int +2)
Your flesh is cold resistant. (rC+)


Message History

* * * LOW HITPOINT WARNING * * *
You hit the orc warrior but do no damage.
An orc wizard appears from thin air!
Reactivating autopickup.
The orc warrior hits you with a cursed -1 halberd.
* * * LOW HITPOINT WARNING * * *
The orc wizard barely misses you.
It was a potion of stabbing.
You feel ready to backstab. The orc wizard barely misses you.
The orc warrior hits you with a cursed -1 halberd.
* * * LOW HITPOINT WARNING * * *
It was a potion of mutation.
You feel extremely strange.
You feel resistant to cold.
You feel clever.
The orc wizard hits you but does no damage.
It was a potion of degeneration.
There was something very wrong with that liquid.
You feel weakened.
You feel dopey.
You feel clumsy.
The orc warrior hits you with a cursed -1 halberd!
You die...

##### #...#####
#'#.....##
#####o#####..###
##.).o@....##...#
###..#######..###.#
#_..## ._#.# ###..#
#.# ##.o.
####.##### ###.o
####.#..#...##
{##.....#......#
##......#......#
#.......#......#


You could see an orc warrior and an orc wizard.

Vanquished Creatures
  An orc warrior (D:4)
  An ogre (D:5)
  A centaur (D:5)
  A howler monkey (D:5)
  2 hounds (D:4)
  4 orc wizards
  2 orc priests
  2 iguanas
  2 worker ants
  A worker ant zombie (D:5)
  3 gnolls (D:3)
  6 adders
  2 shadow imps
  An ooze (D:4)
  3 worms
  2 dart slugs
  3 leopard geckos
  22 orcs
  2 ball pythons
  7 giant cockroaches
  3 goblins
  4 hobgoblins
  4 kobolds
  A quokka (D:4)
  7 bats
  3 frilled lizards
  A jackal skeleton (D:4)
  A quokka skeleton (D:4)
  4 rats
96 creatures vanquished.

Notes
Turn   | Place    | Note
-------+----------+-------------------------------------------
     0 | D:1      | Archison the Human Berserker began the quest for the Orb.
     0 | D:1      | Reached XP level 1. HP: 18/18 MP: 1/1
   247 | D:1      | Reached XP level 2. HP: 18/24 MP: 2/2
  1206 | D:1      | Reached XP level 3. HP: 29/29 MP: 3/3
  1998 | D:2      | Found a sparkling altar of Nemelex Xobeh.
  1998 | D:2      | Found a transporter.
  2034 | D:2      | Reached skill level 4 in Maces & Flails
  2034 | D:2      | Reached XP level 4. HP: 24/35 MP: 4/4
  2282 | D:4      | Reached XP level 5. HP: 15/41 MP: 5/5
  2284 | D:4      | Reached ** piety under Trog
  3075 | D:3      | Reached skill level 5 in Maces & Flails
  3148 | D:3      | Reached XP level 6. HP: 47/47 MP: 6/6
  4145 | D:4      | Got a steaming lead ring
  4328 | D:4      | Identified the ring of Ru's Inspiration {rElec rPois MR+++
                  | Str+6 Dex-3} (You found it on level 4 of the Dungeon)
  4347 | D:4      | Found a glowing golden altar of the Shining One.
  4413 | D:4      | Reached XP level 7. HP: 47/53 MP: 7/7
  4545 | D:4      | Found a stormy altar of Qazlal.
  4687 | D:4      | Reached skill level 6 in Maces & Flails
  4902 | D:4      | Found a sparkling altar of Nemelex Xobeh.
  4979 | D:5      | Entered Level 5 of the Dungeon
  5282 | D:5      | Found a blossoming altar of Fedhas.
  5394 | D:5      | Reached *** piety under Trog
  5394 | D:5      | Reached skill level 7 in Maces & Flails
  5394 | D:5      | Reached XP level 8. HP: 45/60 MP: 8/8
  5772 | D:5      | Found a shimmering altar of Xom.
  5772 | D:5      | Found a faded altar of an unknown god.
  5777 | D:5      | Found a radiant altar of Vehumet.
  5812 | D:5      | Gained mutation: Your flesh is cold resistant. (rC+)
                  | [potion of mutation]
  5812 | D:5      | Gained mutation: Your mind is acute. (Int +2) [potion of
                  | mutation]
  5813 | D:5      | Slain by an orc warrior

Illustrated notes

Levels and vault maps discovered:
D:1:      dpeg_arrival_tiny_k, layout_basic
D:2:      layout_rooms, grunt_nemelex_the_gamble
D:3:      layout_basic
D:4:      layout_basic, grunt_qazlal_sundering, tso_altar, first_ration,
          nemelex_lonely_heart_becter
D:5:      layout_gridville, fedhas_altar_4, chequers_temple_overflow_minitemple,
          serial_park_tiny_1

Skill      XL: |  1  2  3  4  5  6  7 |
---------------+----------------------+-----
Maces & Flails | 4 5 7 |  7.3
Armour         | 3 |  3.9
Dodging        | 3 |  3.3
Fighting       | 4 |  4.2
Throwing       | |  0.8
Stealth        | |  0.5

Action                   |  1- 3 |  4- 6 |  7- 9 || total
-------------------------+-------+-------+-------++-------
Melee: Mace              |    87 |   164 |   121 ||   372
Throw: Stone             |       |       |    31 ||    31
  Use: Scroll            |     2 |     3 |       ||     5
       Potion            |     1 |     1 |     5 ||     7
  Eat: Ration            |     1 |     2 |     2 ||     5
Armor: Animal skin       |    10 |       |       ||    10
       Ring mail         |    20 |    93 |    86 ||   199
Dodge: Dodged            |    68 |    91 |   114 ||   273

Table legend:
 A = Non-vault XP
 B = Vault XP
 C = Vault XP percentage of total XP
 D = Non-vault monster count
 E = Vault monster count
 F = Vault count percentage of total count
                 A         B        C        D         E       F
            +---------+---------+-------+---------+---------+-------
      Total |    1179 |      46 |   3.8 |      94 |       2 |   2.1
            +---------+---------+-------+---------+---------+-------
        D:1 |      35 |       0 |   0.0 |      18 |       0 |   0.0
        D:2 |      17 |      46 |  73.0 |       9 |       2 |  18.2
        D:3 |     225 |       0 |   0.0 |      25 |       0 |   0.0
        D:4 |     437 |       0 |   0.0 |      21 |       0 |   0.0
        D:5 |     465 |       0 |   0.0 |      21 |       0 |   0.0
            +---------+---------+-------+---------+---------+-------
